 Dungeon Crawl Stone Soup version 0.30.0-20-g3615ddf2f0 (webtiles) character file.

Game seed: 13046257699303729560

38 qw the Chopper (level 3, -4/23 HPs)
             Began as a Gargoyle Fighter on May 29, 2023.
             Slain by a gnoll
             ... wielding a +0 halberd
              (12 damage)
             ... on level 2 of the Dungeon.
             The game lasted 00:00:34 (1009 turns).

qw the Chopper (Gargoyle Fighter)                   Turns: 1009, Time: 00:00:35

Health: -4/23      AC: 13    Str: 21    XL:     3   Next: 43%
Magic:  3/3        EV:  9    Int:  8    God:
Gold:   62         SH:  4    Dex:  9    Spells: 2/2 levels left

rFire   . . .        Y - +0 war axe
rCold   . . .        c - +0 buckler
rNeg    + . .        b - +0 scale mail
rPois   inf          h - +2 helmet
rElec   +            (no cloak)
rCorr   .            (no gloves)
SInv    .            (no boots)
Will    .....        (no amulet) Stlth
                     (no ring)
HPRegen 0.23/turn    (no ring)
MPRegen 0.08/turn

%: no passive effects
@: no status effects
A: sickness immunity, AC +3, negative energy resistance 1, electricity
resistance, torment resistance 1, petrification resistance
a: no special abilities


You were on level 2 of the Dungeon.
You visited 1 branch of the dungeon, and saw 2 of its levels.

You collected 62 gold pieces.


Innate Abilities, Weirdness & Mutations

You are immune to sickness and miasma.
Your stone body is resilient. (AC +3)
You are immune to poison.
You resist negative energy. (rN+)
You are resistant to electric shocks. (rElec)
You are resistant to unholy torment.
You are immune to petrification.


   Skills:
 - Level 3.2 Fighting
 + Level 3.4 Axes
 - Level 3.2 Armour
 - Level 3.2 Shields


You had 2 spell levels left.
You didn't know any spells.
Your spell library was empty.

Inventory:

Hand Weapons
 n - a +0 mace
 Y - a +0 war axe (weapon)
Armour
 a - a +0 tower shield
 b - a +0 scale mail (worn)
 c - a +0 buckler (worn)
 e - a scarf of invisibility
 h - a +2 helmet (worn)
Scrolls
 g - a scroll of vulnerability {unknown}
Potions
 d - a potion of might
 f - a potion of mutation {unknown}
 l - 2 potions of heal wounds {unknown}

Dungeon Overview and Level Annotations

Branches:
Dungeon (2/15)

Altars:


Message History

A gnoll comes into view. It is wielding a +0 halberd.
The gnoll shouts!
Enter note:
Enter note:
Enter note:
Enter note:
Enter note:
Enter note: The gnoll misses you.
Enter note:
Enter note:
Enter note:
Enter note:
Enter note:
Enter note: You block the gnoll's attack.
The gnoll closely misses you.
Enter note:
Enter note:
Enter note:
Enter note:
Enter note:
Enter note: You completely miss the gnoll.
The gnoll hits you but does no damage.
The gnoll hits you from afar with a +0 halberd.
The gnoll misses you.
You barely miss the gnoll. The gnoll hits you but does no damage.
The gnoll hits you from afar with a +0 halberd!
The gnoll hits you with a +0 spear. The gnoll closely misses you.
The gnoll barely misses you. The gnoll hits you but does no damage.
You barely miss the gnoll.
You block the gnoll's attack. x2; The gnoll barely misses you.
You slash the gnoll!
The gnoll is almost dead.
The gnoll misses you. The gnoll barely misses you.
The gnoll hits you but does no damage.
The gnoll hits you from afar with a +0 halberd!
Ouch! That really hurt!
You die...

#.# #.. # ## #.##
...#. ...#####
...#.##..#...
.......gg#.# #
........g..#.##
###.#.@....... #######
#.............
#.....#.#.#.#...##....
#.#.#.#.#.###)).# ##.
#.#.#.#.#.(.....#
#.#.#.#.#####..###
###'#...#.# #....#
........#.######...#
........#.....#....# #


You could see 3 gnolls.

Vanquished Creatures
  A gnoll (D:2)
  2 ball pythons (D:1)
  2 endoplasms
  2 giant cockroaches
  2 kobolds
  A quokka (D:1)
  4 bats (D:1)
  A frilled lizard (D:2)
  5 goblins
  6 rats
26 creatures vanquished.

Notes
Turn   | Place    | Note
-------+----------+-------------------------------------------
     0 | D:1      | qw the Gargoyle Fighter began the quest for the Orb.
     0 | D:1      | Reached XP level 1. HP: 14/14 MP: 1/1
     0 | D:1      | 0 ||| qw: Version: 0.2-a-101-gf424e7f
     0 | D:1      | 0 ||| qw: Game counter: 360
     0 | D:1      | 0 ||| qw: Always use a shield: true
     0 | D:1      | 0 ||| qw: God list: Okawaru
     0 | D:1      | 0 ||| qw: Allow faded altars: false
     0 | D:1      | 0 ||| qw: Do Orc after D:15 true
     0 | D:1      | 0 ||| qw: Do second Lair branch before Depths: true
     0 | D:1      | 0 ||| qw: Lair rune preference: random
     0 | D:1      | 0 ||| qw: Plans: Normal, Zot:1-4, Slime:5, God:TSO, Crypt,
                  | Tomb, Pan, Hells, Abyss, Win
     0 | D:1      | 0 ||| PLANNING D:1-11
   162 | D:1      | Reached XP level 2. HP: 19/19 MP: 2/2
   524 | D:1      | 524 ||| DROPPING +0 club.
   693 | D:1      | 693 ||| UPGRADING to +1 helmet.
   698 | D:1      | 698 ||| DROPPING +3 leather armour.
   699 | D:1      | 699 ||| READING scroll labelled MYS SIXIOFEQUYMA.
   700 | D:1      | 700 ||| READING scroll labelled KOEPIK QITUIF.
   701 | D:1      | 701 ||| READING scroll labelled TACIWN MEUM.
   702 | D:1      | 702 ||| READING scroll labelled OGOADGH JIGROUC.
   800 | D:2      | Reached skill level 3 in Axes
   860 | D:2      | Reached XP level 3. HP: 23/23 MP: 3/3
   972 | D:2      | 972 ||| READING scroll of enchant armour.
   972 | D:2      | 972 ||| ENCHANTING +1 helmet.
   993 | D:2      | 993 ||| Stepping ~*~*~tactically~*~*~ (stealth).
  1009 | D:2      | Slain by a gnoll

Levels and vault maps discovered:
D:1:      erik_arrival_blinker_ship, layout_basic
D:2:      minmay_door_path, layout_basic, minmay_bisected

Skill      XL: |  1  2 |
---------------+-------+-----
Axes           | 2 3 |  3.4
Fighting       | |  3.2
Armour         | |  3.2
Shields        | |  3.2

Action                     || total
---------------------------++-------
  Melee: War axe           ||    84
    Use: Scroll            ||     5
 Armour: Scale mail        ||    34
  Dodge: Dodged            ||    46
  Block: Buckler           ||    15

Table legend:
 A = Non-vault XP
 B = Vault XP
 C = Vault XP percentage of total XP
 D = Non-vault monster count
 E = Vault monster count
 F = Vault count percentage of total count
                 A         B        C        D         E       F
            +---------+---------+-------+---------+---------+-------
      Total |      52 |       3 |   5.5 |      24 |       2 |   7.7
            +---------+---------+-------+---------+---------+-------
        D:1 |      24 |       0 |   0.0 |      14 |       0 |   0.0
        D:2 |      28 |       3 |   9.7 |      10 |       2 |  16.7
            +---------+---------+-------+---------+---------+-------
